 Dungeon Crawl Stone Soup version 0.31-a0-204-g7da18cac08 (webtiles) character file.

Game seed: 7179575800329235008

91 qw the Shooter (level 4, 0/25 HPs)
             Began as a Deep Elf Hunter on June 27, 2023.
             Killed from afar by Natasha (3 damage)
             ... with a magic dart
             ... on level 2 of the Dungeon.
             The game lasted 00:00:35 (1167 turns).

qw the Shooter (Deep Elf Hunter)                    Turns: 1167, Time: 00:00:35

Health: 0/25       AC:  6    Str: 10    XL:     4   Next: 34%
Magic:  6/6        EV:  9    Int: 14    God:
Gold:   57         SH:  5    Dex: 18    Spells: 3/3 levels left

rFire   . . .        Y - +0 shortbow
rCold   . . .        (shield currently unavailable)
rNeg    . . .        j - +0 scale mail
rPois   .            (no helmet)
rElec   .            (no cloak)
rCorr   .            (no gloves)
SInv    .            (no boots)
Will    .....        f - amulet of reflection
Stlth   +            (no ring)
HPRegen 0.24/turn    (no ring)
MPRegen 0.10/turn

%: reflection
@: no status effects
A: no striking features
a: no special abilities


You were on level 2 of the Dungeon.
You visited 1 branch of the dungeon, and saw 2 of its levels.

You collected 57 gold pieces.


   Skills:
 - Level 1.5 Fighting
 + Level 7.8 Ranged Weapons
 - Level 2.4 Dodging
 - Level 1.2 Stealth


You had 3 spell levels left.
You didn't know any spells.
Your spell library was empty.

Inventory:

Hand Weapons
 Y - a +0 shortbow (weapon)
Armour
 j - a +0 scale mail (worn)
Jewellery
 f - an amulet of reflection (around neck)
Scrolls
 b - 3 scrolls of fog {unknown}
 i - 2 scrolls of identify
Potions
 a - a potion of brilliance {unknown}
 e - a potion of haste

Dungeon Overview and Level Annotations

Branches:
Dungeon (2/15)

Altars:

Annotations:
D:2 Natasha


Message History

You shoot an arrow. The arrow closely misses Natasha.
Natasha hisses angrily.
You shoot an arrow.
The arrow hits Natasha but does no damage.
Natasha claws you but does no damage.
You shoot an arrow.
The arrow hits Natasha but does no damage.
Natasha claws you but does no damage.
You shoot an arrow. The arrow hits Natasha.
Natasha is heavily wounded.
Natasha mumbles some strange words.
Natasha stares at you and mumbles some strange words.
The magic dart hits you!
You shoot an arrow. The arrow hits Natasha.
Natasha is severely wounded.
Natasha claws you.
The cerulean imp hits you from afar with a +0 spear.
You shoot an arrow. The arrow completely misses Natasha.
The arrow hits the cerulean imp.
The cerulean imp is heavily wounded.
Natasha claws you. You block the cerulean imp's attack.
You shoot an arrow. The arrow closely misses Natasha.
The arrow closely misses the cerulean imp.
Natasha mumbles some strange words.
Natasha glows brightly for a moment.
Natasha claws you but does no damage. You block the cerulean imp's attack.
Natasha claws you!
You shoot an arrow. The arrow hits Natasha.
Natasha is almost dead.
The cerulean imp closely misses you. Natasha barely misses you.
You block the cerulean imp's attack.
You shoot an arrow. The arrow hits Natasha.
Natasha is almost dead.
Natasha claws you but does no damage. The cerulean imp barely misses you.
You shoot an arrow.
The arrow hits Natasha but does no damage.
Natasha is almost dead.
Natasha casts a spell at you. The magic dart hits you.
You die...

#......# ##.... #......#
#..#.# #......#####.#.##
..######..............#.
.....................#.}
....................).#.
..#####5######........##
#h# #..[......# #@#
##########. #.......# #.
#.......# #. #.....!.#
#. ##..##.## ## ##. #.#
# #.# #.#


You could see Natasha and a cerulean imp (summoned).

Vanquished Creatures
  Natasha (D:2)
  2 adders (D:1)
  An endoplasm (D:1)
  4 giant cockroaches
  6 goblins (D:1)
  4 hobgoblins
  4 jackals
  2 kobolds (D:2)
  2 quokkas (D:2)
  5 ball pythons
  5 bats
  A frilled lizard (D:1)
  7 rats (D:1)
44 creatures vanquished.

Notes
Turn   | Place    | Note
-------+----------+-------------------------------------------
     0 | D:1      | qw the Deep Elf Hunter began the quest for the Orb.
     0 | D:1      | Reached XP level 1. HP: 12/12 MP: 3/3
     0 | D:1      | 0 ||| qw: Version: 0.3-a-22-g0ed2b0b
     0 | D:1      | 0 ||| qw: Game counter: 6638
     0 | D:1      | 0 ||| qw: Melee chars always use a shield: true
     0 | D:1      | 0 ||| qw: God list: Okawaru
     0 | D:1      | 0 ||| qw: Allow faded altars: false
     0 | D:1      | 0 ||| qw: Do Orc after clearing Dungeon:15 true
     0 | D:1      | 0 ||| qw: Do second Lair branch before Depths: true
     0 | D:1      | 0 ||| qw: Lair rune preference: random
     0 | D:1      | 0 ||| qw: Goals: Normal
     0 | D:1      | 0 ||| PLANNING D:1-11
   159 | D:1      | Reached XP level 2. HP: 16/16 MP: 4/4
   172 | D:1      | Reached skill level 6 in Ranged Weapons
   747 | D:1      | 747 ||| UPGRADING to +0 scale mail.
   757 | D:1      | 757 ||| DROPPING +0 leather armour.
   758 | D:1      | 758 ||| UPGRADING to amulet of reflection.
   763 | D:1      | 763 ||| DROPPING +6 ring of intelligence.
   764 | D:1      | 764 ||| READING scroll labelled FUIGGI FEDGH.
   765 | D:1      | 765 ||| READING scroll labelled ARIODU BEJEOK.
   766 | D:1      | 766 ||| READING 4 scrolls labelled XARATREILI.
   767 | D:1      | 767 ||| READING scroll labelled JIDWUNAFOPS.
   768 | D:1      | 768 ||| DRINKING 2 glowing clear potions.
   769 | D:1      | 769 ||| DRINKING 2 viscous dark potions.
   770 | D:1      | 770 ||| READING 3 scrolls of identify.
   770 | D:1      | 770 ||| IDENTIFYING inky potion
   771 | D:1      | 771 ||| DROPPING scroll of butterflies.
   772 | D:1      | 772 ||| DROPPING potion of magic.
   802 | D:2      | Reached XP level 3. HP: 20/20 MP: 5/5
   805 | D:2      | 805 ||| STAIRDANCE
   812 | D:1      | HP: 5/20 [poisoned by an adder]
   814 | D:1      | HP: 2/20 [poisoned by an adder]
   815 | D:1      | 815 ||| DRINKING potion of curing.
   815 | D:1      | 815 ||| (to cure poison)
   873 | D:2      | 873 ||| STAIRDANCE
   886 | D:2      | 886 ||| STAIRDANCE
   890 | D:1      | Reached skill level 7 in Ranged Weapons
   906 | D:2      | 906 ||| STAIRDANCE
   919 | D:2      | 919 ||| STAIRDANCE
  1020 | D:2      | HP: 5/20 [poisoned by a kobold]
  1024 | D:2      | HP: 2/20 [poisoned by a kobold]
  1138 | D:2      | Noticed Natasha
  1145 | D:2      | Killed Natasha
  1146 | D:2      | Reached XP level 4. HP: 17/25 MP: 6/6
  1157 | D:2      | Noticed Natasha
  1164 | D:2      | HP: 2/25 [Natasha (8)]
  1167 | D:2      | Killed from afar by Natasha

Levels and vault maps discovered:
D:1:      dpeg_arrival_pond, layout_basic, minmay_strange_pillars,
          nicolae_eternal_life
D:2:      layout_basic, grunt_decor_mini_mirrors, uniq_natasha

Skill      XL: |  1  2  3 |
---------------+----------+-----
Ranged Weapons | 6 7 |  7.8
Fighting       | |  1.5
Dodging        | |  2.4
Stealth        | |  1.2

Action                     |  1- 3 |  4- 6 || total
---------------------------+-------+-------++-------
   Fire: Shortbow          |   120 |    11 ||   131
    Use: Scroll            |     5 |       ||     5
         Potion            |     3 |       ||     3
 Armour: Leather armour    |     3 |       ||     3
         Scale mail        |    38 |     4 ||    42
  Dodge: Dodged            |    44 |     3 ||    47
  Block: Other             |    24 |     3 ||    27

Table legend:
 A = Non-vault XP
 B = Vault XP
 C = Vault XP percentage of total XP
 D = Non-vault monster count
 E = Vault monster count
 F = Vault count percentage of total count
                 A         B        C        D         E       F
            +---------+---------+-------+---------+---------+-------
      Total |      95 |      36 |  27.5 |      43 |       1 |   2.3
            +---------+---------+-------+---------+---------+-------
        D:1 |      73 |       0 |   0.0 |      31 |       0 |   0.0
        D:2 |      22 |      36 |  62.1 |      12 |       1 |   7.7
            +---------+---------+-------+---------+---------+-------
